 Dungeon Crawl Stone Soup version 0.24.0-37-gcf1ca852f1 (webtiles) character file.

Game seed: 9850509952981363680, levelgen mode: deterministic

90 lepoulpe303 the Magician (level 4, 0/24 HPs)
             Began as a Deep Elf Fire Elementalist on Dec 4, 2019.
             Killed from afar by Natasha (5 damage)
             ... with a magic dart
             ... on level 1 of the Dungeon.
             The game lasted 00:06:29 (1468 turns).

lepoulpe303 the Magician (DEFE)                     Turns: 1468, Time: 00:06:30

Health: 0/24       AC:  4    Str:  5    XL:     4   Next: 32%
Magic:  0/12       EV: 13    Int: 21    God:
Gold:   110        SH:  0    Dex: 15    Spells: 5/11 levels left

rFire    . . .     SeeInvis .   l - +0 dagger
rCold    . . .     Gourm    .   (no shield)
rNeg     . . .     Faith    .   a - +0 robe
rPois    .         Spirit   .   (no helmet)
rElec    .         Reflect  .   i - +1 cloak
rCorr    .         Harm     .   (no gloves)
MR       .....                  (no boots)
Stlth    ++........             (no amulet)
HPRegen  0.08/turn              (no ring)
MPRegen  0.13/turn              (no ring)

@: very slightly contaminated
A: no striking features
a: no special abilities


You were on level 1 of the Dungeon.
You were not hungry.

You visited 1 branch of the dungeon, and saw 2 of its levels.

You collected 110 gold pieces.

Inventory:

Hand Weapons
 l - a +0 dagger (weapon)
Armour
 a - a +0 robe (worn)
 i - a +1 cloak (worn)
Wands
 p - a wand of polymorph (9)
Scrolls
 f - 5 scrolls of remove curse {unknown}
 g - a scroll of teleportation {unknown}
 j - 3 scrolls of identify {unknown}
 k - a scroll of random uselessness {unknown}
 m - a scroll of fear {unknown}
 o - a scroll of enchant armour {unknown}
Potions
 b - a potion of berserk rage {unknown}
 c - a potion of mutation {unknown}
 d - a potion of cancellation {unknown}
Comestibles
 e - 3 rations
 n - 2 chunks of flesh


   Skills:
 + Level 3.0 Dodging
 + Level 3.1 Stealth
 * Level 4.0 Spellcasting
 * Level 2.5 Conjurations
 * Level 4.0 Fire Magic


You had 5 spell levels left.
You knew the following spells:

 Your Spells              Type           Power        Failure   Level  Hunger
a - Flame Tongue          Conj/Fire      ###..        3%          1    None
c - Conjure Flame         Conj/Fire      ###.....     10%         3    ###....
x - Throw Flame           Conj/Fire      ###...       4%          2    #......

Your spell library contained the following spells:

 Spells                   Type           Power        Failure   Level  Hunger
 Inner Flame              Hex/Fire       ##......     16%         3    ###....
 Sticky Flame             Conj/Fire      ###.....     30%         4    ####...
 Fireball                 Conj/Fire      ###.......   65%         5    ######.


Dungeon Overview and Level Annotations

Branches:
Dungeon (2/15)

Altars:

Annotations:
D:1 Natasha
D:2 Robin


Message History

You barely miss Natasha. Natasha misses you.
You hit Natasha but do no damage. Natasha barely misses you.
You closely miss Natasha. Natasha claws you.
* * * LOW HITPOINT WARNING * * *
You take 3 damage, and have 7/24 hp.
You hit Natasha. Natasha misses you.
You hit Natasha but do no damage. Natasha claws you.
* * * LOW HITPOINT WARNING * * *
You take 2 damage, and have 5/24 hp.
Aim: Natasha (severely wounded)
The flame tongue hits Natasha but does no damage.
* * * LOW MAGIC WARNING * * *
Natasha completely misses you.
You now have 0/12 mp.
You closely miss Natasha. Natasha completely misses you.
You hit Natasha. Natasha claws you but does no damage.
You closely miss Natasha.
Natasha stares at you and mumbles some strange words.
The magic dart hits you.
You die...

#........### ########
###.#.##...### #......#
#....###.... #.....÷#####
##...# ##### #......÷...##
##.#)# # #......###..#
###..#.####### #......#
##.# #.............
###.#### #.#
#......##..###
#.#######@###.....>.......
#..#.....h................
##.#........#.....###.....
#.#..............##..#...
#.#..........#.####.####.
#.........##...# #.####.
##........##(..# #.#....
#.#########...# #.#.###
#.# ####..#####...# #


You could see Natasha.

Levels and vault maps discovered:
D:1:      sevenhm_arrival_forest_fort_large_4, layout_rooms
D:2:      layout_loops_corners, first_ration, uniq_robin, uniq_natasha,
          uniq_jessica, uniq_terence

Notes
Turn   | Place    | Note
-------+----------+-------------------------------------------
     0 | D:1      | lepoulpe303 the Deep Elf Fire Elementalist began the quest
                  | for the Orb.
     0 | D:1      | Reached XP level 1. HP: 10/10 MP: 6/6
    41 | D:1      | Identified a +0 club
   266 | D:1      | Identified a +0 club
   296 | D:1      | Identified a +0 club
   296 | D:1      | Identified a +0 club
   302 | D:1      | Reached XP level 2. HP: 15/15 MP: 2/8
   306 | D:1      | Learned a level 2 spell: Throw Flame
   431 | D:1      | Identified a +1 cloak (You found it on level 1 of the
                  | Dungeon)
   566 | D:1      | Identified a +0 club
   663 | D:1      | Identified a +0 dagger
   873 | D:2      | Identified a +0 club
   874 | D:2      | Identified a +0 club
   874 | D:2      | Identified a +0 club
   875 | D:2      | Identified a +0 club
  1007 | D:2      | Identified a +1 short sword of venom
  1007 | D:2      | Identified a +0 animal skin
  1007 | D:2      | Identified a +0 helmet
  1007 | D:2      | Noticed Robin
  1012 | D:2      | Identified a +0 club
  1013 | D:2      | Identified a +0 dagger
  1022 | D:2      | Identified a +0 club
  1209 | D:2      | Identified a +0 hunting sling
  1210 | D:2      | Reached XP level 3. HP: 17/19 MP: 7/10
  1215 | D:2      | Learned a level 3 spell: Conjure Flame
  1365 | D:2      | Identified a +0 robe
  1365 | D:2      | Noticed Jessica
  1369 | D:2      | Killed Jessica
  1369 | D:2      | Reached skill level 2 in Conjurations
  1381 | D:2      | Noticed Natasha
  1390 | D:2      | Killed Natasha
  1390 | D:2      | Reached skill level 3 in Dodging
  1390 | D:2      | Reached skill level 3 in Stealth
  1390 | D:2      | Reached skill level 4 in Spellcasting
  1390 | D:2      | Reached XP level 4. HP: 16/24 MP: 4/12
  1404 | D:2      | Noticed Natasha
  1442 | D:2      | HP: 6/24 [poisoned by an adder]
  1444 | D:2      | Reached skill level 4 in Fire Magic
  1449 | D:2      | Identified a potion of heal wounds
  1464 | D:1      | HP: 5/24 [Natasha (2)]
  1468 | D:1      | Killed from afar by Natasha

Table legend:
 A = Turns spent in this place as a percentage of turns spent in the entire game.
 B = Non-inter-level travel turns spent in this place as a percentage of non-inter-level travel turns spent in the entire game.
 C = Inter-level travel turns spent in this place as a percentage of turns spent in this place.
 D = Turns resting spent in this place as a percentage of non-inter-level travel turns spent in this place.
 E = Turns spent auto-exploring this place as a percentage of non-inter-level travel turns spent in this place.
 F = Non-inter-level travel turns spent in this place divided by the number of levels of this place that you've seen.
                   A       B       C       D       E      F
               +-------+-------+-------+-------+-------+----------------------
         Total | 100.0 | 100.0 |   4.2 |  29.0 |  49.9 | 703.5
       Dungeon | 100.0 | 100.0 |   4.2 |  29.0 |  49.9 | 703.5
               +-------+-------+-------+-------+-------+----------------------

Table legend:
 A = Kills in this place as a percentage of kills in entire the game.
 B = Kills by you in this place as a percentage of kills by you in the entire game.
 C = Kills by friends in this place as a percentage of kills by friends in the entire game.
 D = Other kills in this place as a percentage of other kills in the entire game.
 E = Experience gained in this place as a percentage of experience gained in the entire game.
 F = Experience gained in this place divided by the number of levels of this place that you have seen.
                   A       B       C       D       E      F
               +-------+-------+-------+-------+-------+----------------------
         Total | 100.0 | 100.0 |   N/A |   N/A | 100.0 |  64.5
       Dungeon | 100.0 | 100.0 |   N/A |   N/A | 100.0 |  64.5
               +-------+-------+-------+-------+-------+----------------------

Skill      XL: |  1  2  3  4 |
---------------+-------------+-----
Conjurations   | 2 |  2.5
Dodging        | 3 |  3.0
Stealth        | 3 |  3.1
Spellcasting   | 4 |  4.0
Fire Magic     | 4 |  4.0

Action                   |  1- 3 |  4- 6 || total
-------------------------+-------+-------++-------
Melee: Dagger            |    16 |     9 ||    25
 Cast: Flame Tongue      |    32 |     7 ||    39
       Throw Flame       |     6 |     2 ||     8
       Conjure Flame     |       |     1 ||     1
  Use: Potion            |       |     1 ||     1
 Stab: Sleeping          |     2 |       ||     2
  Eat: Chunk             |     1 |     1 ||     2
Armor: Robe              |    20 |     2 ||    22
Dodge: Dodged            |    51 |    16 ||    67

Vanquished Creatures
  Jessica (D:2)
  Natasha (D:2)
  An adder (D:2)
  A leopard gecko (D:1)
  2 bats (D:1)
  8 goblins
  5 hobgoblins
  4 kobolds (D:1)
  5 rats (D:1)
28 creatures vanquished.
